 Dungeon Crawl Stone Soup version 0.32-a0-685-g93135e86f0 (webtiles) character file.

Game seed: 15948799547637955226

170 IdlyInterested the Slasher (level 5, -5/38 HPs)
             Began as a Demonspawn Gladiator on Mar 12, 2024.
             Slain by a gnoll
             ... wielding a +0 halberd of electrocution
              (6 damage)
             ... on level 3 of the Dungeon.
             The game lasted 00:08:35 (3138 turns).

IdlyInterested the Slasher (Demonspawn Gladiator)   Turns: 3138, Time: 00:08:37

Health: -5/38      AC: 10    Str: 15    XL:     5   Next: 26%
Magic:  5/5        EV:  8    Int:  8    God:
Gold:   183        SH:  0    Dex: 16    Spells: 4/4 levels left

rFire   . . .        a - +0 long sword
rCold   . . .        (no shield)
rNeg    . . .        p - +0 storm dragon scales
rPois   .            (helmet restricted)
rElec   +            (no cloak)
rCorr   .            (no gloves)
SInv    .            (no boots)
Will    .....        (no amulet) Stlth
                     (no ring)
HPRegen 0.26/turn    (no ring)
MPRegen 0.09/turn

%: no passive effects
@: hasted, very quick
A: antennae 1, sturdy frame 1
a: no special abilities


You were on level 3 of the Dungeon.
You visited 1 branch of the dungeon, and saw 3 of its levels.

You collected 183 gold pieces.

Inventory:

Hand Weapons
 a - a +0 long sword (weapon)
 h - a +0 short sword
 r - a +0 spear
Missiles
 d - 6 throwing nets
 g - 18 stones (quivered)
Armour
 p - +0 storm dragon scales (worn)
Jewellery
 l - a ring of fire
Talismans
 b - a flux talisman
 q - a beast talisman
Scrolls
 f - a scroll of enchant weapon {unknown}
 i - 2 scrolls of identify {unknown}
 k - 2 scrolls of vulnerability {unknown}
 n - a scroll of immolation {unknown}
Potions
 m - a potion of ambrosia
 o - a potion of berserk rage {unknown}


   Skills:
 - Level 2.0 Fighting
 * Level 4.8 Long Blades
 - Level 2.0 Throwing
 - Level 1.0 Armour
 - Level 2.6 Dodging
 + Level 1.8 Stealth


You had 4 spell levels left.
You didn't know any spells.
Your spell library contained the following spells:

 Spells                   Type           Power      Damage    Failure   Level
 Apportation              Tloc           0%         N/A       99%         1
 Necrotise                Necr           0%         1d4       99%         1
 Sting                    Conj/Alch      0%         1d3       99%         1
 Summon Small Mammal      Summ           0%         N/A       99%         1
 Summon Blazeheart Golem  Fire/Summ      0%         N/A       100%        4
 Orb of Destruction       Conj           0%         9d5       100%        7
 Spellforged Servitor     Conj/Summ      0%         N/A       100%        7


Dungeon Overview and Level Annotations

Branches:
Dungeon (3/15)

Altars:
Okawaru
Beogh

Annotations:
D:3 1 transporter, Sabo's ghost, amateur GnAr


Innate Abilities, Weirdness & Mutations

You have a pair of small antennae on your head.
Your movements are slightly less encumbered by armour. (ER -2)


Message History

Aim: a gnoll, wielding a +0 halberd of electrocution (63% to hit)
You throw a javelin.
The javelin pierces through Sabo's ghost!
Sabo's ghost is heavily damaged.
The javelin pierces through the gnoll!
You kill the gnoll!
The javelin pierces through the gnoll!
The gnoll is heavily wounded.
Sabo's ghost barely misses you.
You miss Sabo's ghost.
Sabo's ghost is heavily damaged.
You hit Sabo's ghost.
Sabo's ghost is severely damaged.
Sabo's ghost whispers, "The ORB doesn't exist."
Sabo's ghost hits you.
* * * LOW HITPOINT WARNING * * *
You hit the gnoll.
The gnoll is lightly wounded.
Sabo's ghost barely misses you. The gnoll hits you but does no damage.
The gnoll closely misses you.
You barely miss the gnoll.
The gnoll is lightly wounded.
Sabo's ghost barely misses you. The gnoll hits you with a +0 club.
* * * LOW HITPOINT WARNING * * *
The gnoll hits you from afar with a +0 halberd of electrocution.
* * * LOW HITPOINT WARNING * * *
Unknown command.
You completely miss the gnoll.
The gnoll is lightly wounded.
You hit the gnoll but do no damage.
The gnoll is lightly wounded.
Sabo's ghost hits you but does no damage.
The gnoll closely misses you. The gnoll hits you but does no damage.
You closely miss the gnoll.
The gnoll is lightly wounded.
Sabo's ghost hits you but does no damage.
The gnoll hits you with a +0 club.
* * * LOW HITPOINT WARNING * * *
The gnoll hits you from afar with a +0 halberd of electrocution.
You die...

≈≈≈≈≈≈≈≈≈≈≈...≈≈≈≈≈≈≈≈≈≈≈........
≈≈≈≈≈≈≈≈≈≈≈...≈≈≈≈≈≈≈≈≈≈≈.#######
≈≈#####...........#####≈≈.#
≈≈#...#.###.©.###.#...#≈≈.#
≈≈#...###.#####.###...#≈≈.#
≈≈###.? ..g.........###≈≈.# ≈≈.ß#
### ##'######.#ß.≈≈.# ≈≈.##.#
#ß.g#.⌠.#.##.≈≈.# ~~.#..'
#⌠©ggW@.'..#.~~.# ≈≈.##.#
#ß(.#g⌠.#.##.≈≈.#
≈≈.ß#.######'######.#ß.≈≈.#
≈≈###...............###≈≈.#
≈≈#gg.###.#####©###...#≈≈.#
≈≈#...#.###.©.###.#...#≈≈.##
≈≈#####...........#####≈≈..#
≈≈≈≈≈≈≈≈≈≈≈≈~≈≈≈≈≈≈≈≈≈≈≈≈..#
≈≈≈≈≈≈≈≈≈≈≈≈~≈≈≈≈≈≈≈≈≈≈≈≈..#


You could see Sabo's ghost and 4 gnolls.

Vanquished Creatures
  5 gnolls
  5 adders
  6 dart slugs
  A ribbon worm (D:2)
  A bat (D:1)
  4 endoplasms
  2 giant cockroaches
  5 goblins
  5 hobgoblins
  4 quokkas
  11 ball pythons
  A frilled lizard (D:1)
  8 kobolds
  6 rats
64 creatures vanquished.

Notes
Turn   | Place    | Note
-------+----------+-------------------------------------------
     0 | D:1      | IdlyInterested the Demonspawn Gladiator began the quest for
                  | the Orb.
     0 | D:1      | Reached XP level 1. HP: 16/16 MP: 1/1
   183 | D:1      | Found a roughly hewn altar of Beogh.
   188 | D:1      | Reached skill level 3 in Long Blades
   196 | D:1      | Gained mutation: You have a pair of small antennae on your
                  | head. [demonic ancestry]
   196 | D:1      | Reached XP level 2. HP: 20/22 MP: 2/2
   283 | D:1      | Reached skill level 1 in Stealth
   543 | D:1      | Found a faded altar of an unknown god.
   633 | D:1      | Reached XP level 3. HP: 26/27 MP: 3/3
  1281 | D:2      | Reached skill level 1 in Armour
  1282 | D:2      | Reached skill level 4 in Long Blades
  1402 | D:2      | Reached XP level 4. HP: 22/33 MP: 4/4
  1863 | D:2      | Gained mutation: Your movements are slightly less
                  | encumbered by armour. (ER -2) [demonic ancestry]
  1863 | D:2      | Reached XP level 5. HP: 38/38 MP: 5/5
  2277 | D:3      | Found a transporter.
  2457 | D:3      | Found a transporter.
  2646 | D:3      | Noticed Sabo's ghost (amateur GnAr)
  3008 | D:3      | Found an iron altar of Okawaru.
  3138 | D:3      | HP: 1/38 [gnoll/+0 club (2)]
  3138 | D:3      | Slain by a gnoll

Illustrated notes

Levels and vault maps discovered:
D:1:      wheals_arrival_linesprint, layout_loops_cross,
          hellmonk_ecumenical_altar_defaced_shrine
D:2:      layout_loops_ring
D:3:      layout_basic, kennysheep_okawaru_gauntlet,
          gammafunk_ghost_gnarly_gnolls

Skill      XL: |  1  2  3  4 |
---------------+-------------+-----
Long Blades    | 3 4 |  4.8
Stealth        | 1 |  1.8
Armour         | 1 |  1.0
Throwing       | 2 |  2.0
Fighting       | |  2.0
Dodging        | |  2.6

Action                     |  1- 3 |  4- 6 || total
---------------------------+-------+-------++-------
  Melee: Long sword        |   110 |    91 ||   201
         Spear             |       |     3 ||     3
  Throw: Stone             |       |     3 ||     3
         Javelin           |       |     2 ||     2
    Use: Potion            |     1 |     3 ||     4
   Stab: Sleeping          |     1 |       ||     1
 Armour: Leather armour    |    66 |    39 ||   105
         Storm dragon scal |       |    31 ||    31
  Dodge: Dodged            |    62 |    63 ||   125

Table legend: (Time is in decaauts)
 A = Elapsed time spent in this place.
 B = Non-inter-level travel time spent in this place.
 C = Inter-level travel time spent in this place.
 D = Time resting spent in this place.
 E = Time spent auto-exploring this place.
 F = Levels seen in this place.
 G = Mean time per level.
                   A        B        C        D        E       F      G
               +--------+--------+--------+--------+--------+-----+--------+
         Total |   3174 |   2857 |    317 |    327 |   1814 |   3 | 1058.0 |
       Dungeon |   3174 |   2857 |    317 |    327 |   1814 |   3 | 1058.0 |
               +--------+--------+--------+--------+--------+-----+--------+

Top non-repeatable levels by time:
     D:1: 1270 daAuts
     D:2: 1079 daAuts
     D:3: 824 daAuts
